 Dungeon Crawl Stone Soup version 0.30-a0-652-gcc886f7154 (webtiles) character file.

Game seed: 5481868225714637142

51 bmack86 the Shield-Bearer (level 3, 0/33 HPs)
             Began as a Minotaur Fighter on Jan 17, 2023.
             Slain by a gnoll
             ... wielding a +0 halberd
              (10 damage)
             ... on level 2 of the Dungeon.
             The game lasted 00:02:57 (1492 turns).

bmack86 the Shield-Bearer (Minotaur Fighter)        Turns: 1492, Time: 00:02:57

Health: 0/33       AC:  7    Str: 22    XL:     3   Next: 57%
Magic:  2/2        EV:  9    Int:  5    God:
Gold:   149        SH:  4    Dex:  9    Spells: 2/2 levels left

rFire   . . .      SeeInvis .    a - +0 war axe
rCold   . . .      Faith    .    c - +0 buckler
rNeg    . . .      Spirit   .    b - +0 scale mail
rPois   .          Reflect  .    (helmet restricted)
rElec   .          Harm     .    (no cloak)
rCorr   .          Rampage  .    (no gloves)
Will    .....                    (no boots) Stlth
                                 (no amulet)
HPRegen 0.25/turn                (no ring)
MPRegen 0.08/turn                (no ring)

@: mighty
A: horns 2, retaliatory headbutt
a: no special abilities


You were on level 2 of the Dungeon.
You visited 1 branch of the dungeon, and saw 2 of its levels.

You collected 149 gold pieces.

Inventory:

Hand Weapons
 a - a +0 war axe (weapon)
Missiles
 j - a throwing net (quivered)
Armour
 b - a +0 scale mail (worn)
 c - a +0 buckler (worn)
Potions
 e - 2 potions of heal wounds {unknown}
 f - 2 potions of attraction {unknown}
 g - a potion of cancellation {unknown}
 h - a potion of resistance {unknown}
 i - 2 potions of curing {unknown}
 k - a potion of haste {unknown}
 l - a potion of invisibility {unknown}


   Skills:
 + Level 4.1 Fighting
 * Level 3.5 Axes
 + Level 4.1 Armour
 + Level 4.1 Shields


You had 2 spell levels left.
You didn't know any spells.
Your spell library contained the following spells:

 Spells                   Type           Power      Damage    Failure   Level
 Kiss of Death            Conj/Necr      0%         2d5       87%         1
 Confusing Touch          Hex            0%         N/A       99%         3
 Dispel Undead            Necr           0%         3d6       100%        4
 Malign Gateway           Summ/Tloc      0%         N/A       100%        7
 Summon Horrible Things   Summ           0%         N/A       100%        8


Dungeon Overview and Level Annotations

Branches:
Dungeon (2/15)

Altars:


Innate Abilities, Weirdness & Mutations

You have a pair of horns on your head.
You reflexively headbutt those who attack you in melee.


Message History

Found a throwing net.
Found 3 gold pieces.
Found a white potion.
The hobgoblin hits you but does no damage.
You closely miss the hobgoblin. You headbutt the hobgoblin.
You kill the hobgoblin!
An adder comes into view.
The adder hisses angrily.
You see here a hobgoblin corpse.
The adder bites you but does no damage.
You see here a throwing net.
The adder barely misses you. You furiously retaliate!
You headbutt the adder!
You kill the adder!
j - a throwing net You now have 149 gold pieces (gained 3).
Found a Grand Grimoire.
i - 2 white potions (gained 1)
You pick up a Grand Grimoire and begin reading...
You add the spells Malign Gateway and Summon Horrible Things to your library.
You open the door.
There is an open door here.
Found a hand axe.
Found a hand axe.
Found a hand axe.
A gnoll comes into view. It is wielding a +0 flail.
The gnoll shouts! x2; You hear a shout!
The gnoll shouts!
A gnoll breaks down the door.
Found the +5 woodcutter's axe.
You feel very mighty all of a sudden. The gnoll barely misses you.
The gnoll sergeant hits you from afar with a +0 trident!
The gnoll closely misses you.
The gnoll sergeant hits you but does no damage.
You block the gnoll's attack.
You closely miss the gnoll sergeant. You barely miss the gnoll. x2
The gnoll closely misses you.
The gnoll sergeant hits you with a +0 trident!
The gnoll hits you with a +0 halberd! x2
You die...

#..........# # ###
###........# #
###.### ##.......# #
♣#..)..#♣ #.......#
# ♣ #.....#
♣#.......# # ♣.
..... .♣#.......# #
♣.###'###.♣#.......#
#
♣)..ggg...♣#.......#
# ♣..g@♣..♣
#.......### ♣♣.♣..)♣
####'#††... ♣.....♣
#####.#.#### ♣♣...♣♣
#.....#.# ♣)..♣
#.#####.# ♣♣.♣♣ #.#
#.# ♣.♣####.#####.#
#.##..........#
#....##########


You could see a gnoll sergeant and 3 gnolls.

Vanquished Creatures
  2 adders (D:2)
  A dart slug (D:1)
  7 endoplasms
  2 giant cockroaches
  3 hobgoblins
  2 jackals (D:1)
  3 quokkas
  4 bats (D:1)
  A frilled lizard (D:1)
  A kobold (D:1)
  2 rats (D:2)
28 creatures vanquished.

Notes
Turn   | Place    | Note
-------+----------+-------------------------------------------
     0 | D:1      | bmack86 the Minotaur Fighter began the quest for the Orb.
     0 | D:1      | Reached XP level 1. HP: 19/19 MP: 0/0
   120 | D:1      | Reached XP level 2. HP: 27/27 MP: 1/1
   247 | D:1      | Found a faded altar of an unknown god.
  1293 | D:2      | Reached XP level 3. HP: 33/33 MP: 2/2
  1487 | D:2      | Noticed a gnoll sergeant
  1489 | D:2      | Found the +5 woodcutter's axe
  1492 | D:2      | Slain by a gnoll

Illustrated notes

Levels and vault maps discovered:
D:1:      minmay_arrival_four_loops, layout_loops_corners,
          ebering_ecumenical_altar_petrified, serial_bayou_pond_d
D:2:      layout_basic, chequers_jeans, pf_guarded_unrand_woodcutter

Skill      XL: |  1  2 |
---------------+-------+-----
Axes           | 3 |  3.5
Shields        | 4 |  4.1
Armour         | 4 |  4.1
Fighting       | 4 |  4.1

Action                   || total
-------------------------++-------
Melee: War axe           ||    40
       Headbutt          ||    10
  Use: Scroll            ||     3
       Potion            ||     1
Armor: Scale mail        ||    30
Dodge: Dodged            ||    21
Block: Buckler           ||    13

Table legend: (Time is in decaauts)
 A = Elapsed time spent in this place.
 B = Non-inter-level travel time spent in this place.
 C = Inter-level travel time spent in this place.
 D = Time resting spent in this place.
 E = Time spent auto-exploring this place.
 F = Levels seen in this place.
 G = Mean time per level.
                   A        B        C        D        E       F      G
               +--------+--------+--------+--------+--------+-----+--------+
         Total |   1507 |   1454 |     53 |      0 |   1144 |   2 |  753.5 |
       Dungeon |   1507 |   1454 |     53 |      0 |   1144 |   2 |  753.5 |
               +--------+--------+--------+--------+--------+-----+--------+

Top non-repeatable levels by time:
     D:1: 1023 daAuts
     D:2: 484 daAuts
